 Dungeon Crawl Stone Soup version 0.19.1-1-g22dce08 (webtiles) character file.

17332 Mesmaeker13 the Fighter (level 12, -1/101 HPs)
             Began as a Formicid Fighter on Dec 29, 2016.
             Was a Priest of Qazlal.
             Slain by Rupert
             ... wielding a +2 great mace of crushing
              (5 damage)
             ... on level 12 of the Dungeon.
             The game lasted 00:29:51 (12249 turns).

Mesmaeker13 the Fighter (Formicid Fighter)         Turns: 12249, Time: 00:29:51

Health: -1/101     AC: 19    Str: 32    XL:     12   Next: 81%
Magic:  17/17      EV:  8    Int: 10    God:    Qazlal [***...]
Gold:   586        SH: 17    Dex: 15    Spells: 0 memorised, 11 levels left

rFire  . . .     SeeInvis +     M - +4 halberd
rCold  . . .     Gourm    .     x - +0 plate armour
rNeg   . . .     Faith    .     c - +0 shield
rPois  +         Spirit   .     (helmet unavailable)
rElec  .         Reflect  .     V - +2 cloak {rPois}
rCorr  .         Harm     .     k - +0 pair of gloves
MR     +....                    (no boots)
Stlth  ..........               (no amulet)
                                j - +5 ring of strength
                                e - +3 ring of dexterity

@: mighty, drained
A: permanent stasis, dig shafts and tunnels, four strong arms, antennae 3
a: Dig, Shaft Self, Upheaval, Elemental Force, Renounce Religion


You were on level 12 of the Dungeon.
You worshipped Qazlal.
Qazlal was most pleased with you.
You were hungry.

You visited 3 branches of the dungeon, and saw 14 of its levels.

You collected 807 gold pieces.
You spent 221 gold pieces at shops.

Inventory:

Hand Weapons
 a - a +6 trident
 I - a +0 halberd
 M - a +4 halberd (weapon)
Missiles
 H - 7 tomahawks (quivered)
Armour
 c - a +0 shield (worn)
 i - a +2 buckler
 k - a +0 pair of gloves (worn)
 x - a +0 plate armour (worn)
 V - a +2 cloak of poison resistance (worn)
Jewellery
 e - a +3 ring of dexterity (left hand)
 j - a +5 ring of strength (right hand)
 u - an uncursed amulet of faith
 G - an uncursed ring of wizardry {unknown}
Wands
 y - a wand of slowing (16/48)
 F - a wand of disintegration (20/24)
 J - a wand of acid (0/15)
 K - a wand of random effects (14/48)
Scrolls
 l - 4 scrolls of fear
 m - a scroll of enchant armour
 n - 4 scrolls of amnesia
 w - 3 scrolls of remove curse
 A - 3 scrolls of fog
 C - 2 scrolls of recharging
 Q - 3 scrolls of teleportation
 R - a scroll of silence {unknown}
 T - a scroll of holy word {unknown}
Potions
 b - 3 potions of flight
 d - a potion of ambrosia {unknown}
 p - a potion of curing
 s - a potion of invisibility {unknown}
 t - 5 potions of haste
 v - a potion of mutation {unknown}
 B - a potion of berserk rage
 D - a potion of heal wounds
 E - 2 potions of lignification {unknown}
 O - a potion of resistance {unknown}
 P - 2 potions of magic {unknown}
Books
 r - a book of Callings

   Spells                             Type                      Level
   a - Summon Small Mammal            Summoning                    1
   b - Call Imp                       Summoning                    2
   c - Call Canine Familiar           Summoning                    3
   d - Summon Guardian Golem          Hexes/Summoning              3
   e - Summon Lightning Spire         Summoning/Air                4
   f - Summon Ice Beast               Ice/Summoning                4
 L - a book of Cantrips

   Spells                             Type                      Level
   a - Confusing Touch                Hexes                        1
   b - Animate Skeleton               Necromancy                   1
   c - Summon Small Mammal            Summoning                    1
   d - Apportation                    Translocation                1
 N - a book of Minor Magic

   Spells                             Type                      Level
   a - Magic Dart                     Conjuration                  1
   b - Blink                          Translocation                2
   c - Call Imp                       Summoning                    2
   d - Repel Missiles                 Charms/Air                   2
   e - Slow                           Hexes                        2
   f - Conjure Flame                  Conjuration/Fire             3
   g - Mephitic Cloud                 Conjuration/Poison/Air       3
Comestibles
 f - 7 bread rations
 g - 6 beef jerkies
 h - 6 meat rations
 o - 18 fruits
 q - 9 slices of pizza
 z - 3 chunks of flesh


   Skills:
 + Level 11.6(10.5) Fighting
 + Level 10.4(9.3) Polearms
 + Level 11.4(10.3) Armour
 - Level 10.0(8.9) Shields
 - Level 7.0(6.0) Invocations


You had 11 spell levels left.
You didn't know any spells.

Dungeon Overview and Level Annotations

Branches:
Dungeon (12/15)            Temple (1/1) D:5            Lair (1/6) D:11
    Orc: D:9-12

Altars:
Ashenzari
Cheibriados
Dithmenos
Elyvilon
Fedhas
Gozag
Hepliaklqana
Kikubaaqudgha
Makhleb
Nemelex Xobeh
Okawaru
Qazlal
Ru
Sif Muna
Trog
Uskayaw
Vehumet
Xom
Yredelemnul
Zin
The Shining One

Shops:
D:5 ?}?   D:7 }

Annotations:
D:12 Rupert
Lair:1 Fannar, Nergalle


Innate Abilities, Weirdness & Mutations

You are under a permanent stasis effect.
You can dig through walls and to a lower floor.
Your four strong arms can wield two-handed weapons with a shield.
You have a pair of large antennae on your head. (SInv)


Message History

You block Rupert's attack.
You puncture Rupert!
Rupert is heavily wounded.
You block Rupert's attack.
You are feeling hungry.
You slash Rupert!
Rupert is heavily wounded.
You block Rupert's attack. x2
You hit Rupert.
Rupert is heavily wounded.
Rupert hits you with a great mace of crushing!!
* * * LOW HITPOINT WARNING * * *
x2 You puncture Rupert!
Rupert is severely wounded.
Rupert closely misses you.
You closely miss Rupert.
Rupert is severely wounded.
Rupert hits you with a great mace of crushing!!
* * * LOW HITPOINT WARNING * * *
You die...

.......# #..........
.#####.####
#........... .#
#.)..# #...........
.# #.##.#
#........... .#
...##.# #...........
.#
#.####.###...........
...#.
#...'........... ####
#####...ยง@......
#...@.(.....
####+#######


You could see Rupert (berserk).

Vanquished Creatures
  The ghost of flopdemafkees the Spear-Bearer, a journeyman MfSk of Okawaru (D:10)
  A death knight (D:11)
  3 hill giants
  The ghost of flopdemafkees the Spear-Bearer, a novice MfSk (D:6)
  A cyclops (D:11)
  A manticore (D:11)
  Maurice (D:11)
  Psyche (D:12)
  A komodo dragon (D:10)
  A polar bear (D:11)
  A two-headed ogre (D:9)
  Prince Ribbit (D:5)
  7 hippogriffs
  2 dream sheep (D:11)
  14 yaks
  5 hogs
  A wraith (D:11)
  A hungry ghost (D:10)
  A vampire (D:11)
  A human (D:7)
  A steam dragon (D:9)
  A soldier ant (D:10)
  A water moccasin (D:10)
  4 ice beasts
  4 black bears
  4 orc warriors
  A sky beast (D:7)
  An eye of draining (D:11)
  A necrophage (D:7)
  3 phantoms
  6 ogres
  5 centaurs
  10 bullfrogs
  8 big kobolds
  2 scorpions
  7 wights
  6 killer bees (D:10)
  5 howler monkeys
  6 crimson imps
  2 bullfrog zombies
  3 hounds
  2 jellies
  Crazy Yiuf (D:3)
  2 centaur skeletons
  8 orc priests
  A bullfrog skeleton (D:4)
  Jessica (D:3)
  Ijyb (D:3)
  3 iguanas
  12 orc wizards
  7 worker ants
  A hound zombie (D:11)
  A worker ant zombie (D:8)
  7 adders
  12 gnolls
  A howler monkey skeleton (D:5)
  5 shadow imps
  An ooze (D:6)
  2 adder zombies
  3 adder skeletons
  A worm (D:6)
  5 dart slugs
  6 leopard geckos
  32 orcs
  2 giant cockroaches
  10 goblins
  15 hobgoblins
  16 jackals
  4 quokkas
  2 ball pythons
  5 bats
  7 frilled lizards
  47 kobolds
  A quokka skeleton (D:6)
  5 rats
356 creatures vanquished.

Vanquished Creatures (others)
  A hungry ghost (D:9)
1 creature vanquished.

Grand Total: 357 creatures vanquished

Notes
Turn   | Place    | Note
-------+----------+-------------------------------------------
     0 | D:1      | Mesmaeker13 the Formicid Fighter began the quest for the Orb.
     0 | D:1      | Reached XP level 1. HP: 18/18 MP: 1/1
   145 | D:1      | Reached XP level 2. HP: 24/24 MP: 2/2
   430 | D:1      | Reached XP level 3. HP: 21/29 MP: 3/3
   637 | D:2      | Found a deep blue altar of Sif Muna.
   687 | D:2      | Reached XP level 4. HP: 29/35 MP: 4/4
  1040 | D:2      | Found a shattered altar of Ashenzari.
  1076 | D:2      | Reached XP level 5. HP: 21/42 MP: 5/5
  1830 | D:3      | Noticed Ijyb
  1851 | D:3      | Killed Ijyb
  1889 | D:3      | Noticed Jessica
  1890 | D:3      | Killed Jessica
  1926 | D:3      | Reached skill level 5 in Shields
  2097 | D:3      | Found a runed door.
  2142 | D:3      | Noticed Crazy Yiuf
  2147 | D:3      | Killed Crazy Yiuf
  2147 | D:3      | Reached XP level 6. HP: 48/48 MP: 6/6
  2521 | D:4      | Found a radiant altar of Vehumet.
  2543 | D:4      | Found a hide-covered altar of Uskayaw.
  2786 | D:4      | Noticed a phantom
  2804 | D:4      | Killed a phantom
  2858 | D:4      | Reached skill level 5 in Armour
  2858 | D:4      | Reached XP level 7. HP: 39/55 MP: 7/7
  3340 | D:4      | Reached skill level 5 in Fighting
  3372 | D:4      | Reached XP level 8. HP: 38/62 MP: 8/8
  3549 | D:4      | Got a smoking quarterstaff
  3874 | D:4      | Identified the +1 quarterstaff "Galunn Vinn" {vamp, *Slow +Inv Str+5} (You found it on level 4 of the Dungeon)
  3915 | D:4      | Reached skill level 5 in Polearms
  3946 | D:5      | Entered Level 5 of the Dungeon
  3957 | D:5      | Found Nanamap's Magic Scroll Shop.
  3979 | D:5      | Bought a scroll of identify for 24 gold pieces
  3979 | D:5      | Bought a scroll of identify for 24 gold pieces
  3979 | D:5      | Bought a scroll of identify for 24 gold pieces
  3993 | D:5      | Noticed Prince Ribbit
  4680 | D:5      | Found Bantolel's Gadget Emporium.
  4763 | D:5      | Reached XP level 9. HP: 59/70 MP: 9/9
  4772 | D:5      | Killed Prince Ribbit
  4813 | D:5      | Found Foejahen's Magic Scroll Emporium.
  4816 | D:5      | Bought a scroll of enchant weapon for 97 gold pieces
  4816 | D:5      | Bought a scroll of identify for 26 gold pieces
  4820 | D:5      | Bought a scroll of identify for 26 gold pieces
  4858 | D:5      | Found a stormy altar of Qazlal.
  4862 | D:5      | Found a sparkling altar of Nemelex Xobeh.
  4889 | D:5      | Found a staircase to the Ecumenical Temple.
  4967 | D:5      | Became a worshipper of Qazlal Stormbringer
  4996 | Temple   | Entered the Ecumenical Temple
  5219 | D:6      | Found a shadowy altar of Dithmenos.
  5253 | D:6      | Noticed flopdemafkees's ghost (novice MfSk)
  5265 | D:6      | Killed flopdemafkees's ghost
  5961 | D:7      | Reached * piety under Qazlal
  5983 | D:7      | Reached XP level 10. HP: 30/79 MP: 10/10
  6602 | D:7      | Reached ** piety under Qazlal
  6652 | D:7      | Found Fiotuts's Gadget Boutique.
  6689 | D:7      | Found an ancient bone altar of Kikubaaqudgha.
  7719 | D:9      | Reached skill level 10 in Shields
  7719 | D:9      | Reached XP level 11. HP: 73/88 MP: 11/11
  7739 | D:9      | Found a hazy altar of Hepliaklqana.
  7739 | D:9      | Found a shimmering altar of Xom.
  7742 | D:9      | Found an opulent altar of Gozag.
  7742 | D:9      | Found a blossoming altar of Fedhas.
  7931 | D:9      | Found a shimmering altar of Xom.
  7970 | D:9      | Reached skill level 1 in Invocations
  8520 | D:10     | Entered Level 10 of the Dungeon
  8520 | D:10     | Noticed flopdemafkees's ghost (journeyman MfSk)
  8561 | D:10     | Killed flopdemafkees's ghost
  8718 | D:10     | Reached skill level 10 in Fighting
  9151 | D:10     | Reached skill level 10 in Armour
  9324 | D:10     | Noticed a hill giant
  9332 | D:10     | Killed a hill giant
  9693 | D:11     | Noticed a hill giant
  9704 | D:11     | Killed a hill giant
  9704 | D:11     | Reached skill level 5 in Invocations
  9797 | D:11     | Reached XP level 12. HP: 57/98 MP: 14/16
  9855 | D:11     | Noticed a death knight
 10502 | D:11     | Killed a death knight
 11341 | D:11     | Found a huge runed gate.
 11341 | D:11     | Found a huge runed gate.
 11341 | D:11     | Found a huge runed gate.
 11341 | D:11     | Found a huge runed gate.
 11501 | D:11     | Found a staircase to the Lair.
 11679 | D:11     | Noticed Maurice
 11685 | D:11     | Killed Maurice
 11726 | D:11     | Reached *** piety under Qazlal
 11875 | D:12     | Noticed Psyche
 11883 | D:12     | Killed Psyche
 11901 | D:12     | Noticed Rupert
 11961 | D:11     | Reached skill level 10 in Polearms
 12139 | Lair:1   | Entered Level 1 of the Lair of Beasts
 12139 | Lair:1   | Noticed Fannar
 12144 | Lair:1   | Noticed Nergalle
 12249 | D:12     | HP: 4/101 [Rupert/great mace of crushing (21)]
 12249 | D:12     | Slain by Rupert

Skill      XL: |  1  2  3  4  5  6  7  8  9 10 11 12 |
---------------+-------------------------------------+-----
Shields        | 4 5 6 7 8 10 | 10.0
Polearms       | 3 4 5 6 8 9 10 | 10.4
Armour         | 4 5 6 7 9 10 11 | 11.4
Fighting       | 4 5 6 7 9 10 11 | 11.6
Invocations    | 5 7 |  7.0

Action                   |  1- 3 |  4- 6 |  7- 9 | 10-12 || total
-------------------------+-------+-------+-------+-------++-------
Melee: Trident           |    82 |   204 |   368 |   194 ||   848
       Halberd           |       |       |       |   584 ||   584
Invok: Upheaval          |       |       |       |     9 ||     9
       Elemental Force   |       |       |       |     1 ||     1
 Abil: Dig               |       |       |       |     1 ||     1
Evoke: Wand              |       |       |       |     8 ||     8
  Use: Scroll            |       |     6 |    15 |     4 ||    25
       Potion            |       |       |       |     3 ||     3
  Eat: Chunk             |       |     6 |    11 |    18 ||    35
       Bread ration      |       |       |       |     1 ||     1
Armor: Scale mail        |    28 |    53 |       |       ||    81
       Plate armour      |       |    22 |   137 |   286 ||   445
Dodge: Dodged            |    21 |    36 |    54 |   124 ||   235
Block: Shield            |    20 |    89 |   155 |   522 ||   786
